 Dungeon Crawl Stone Soup version 0.32-a0-35-gd9ff480968 (webtiles) character file.

Game seed: 10929202956214227668

61 CowFu the Shield-Bearer (level 3, 0/36 HPs)
             Began as a Troll Fighter on Jan 22, 2024.
             Was a Follower of Yredelemnul.
             Slain by Jessica
             ... wielding a +2 dagger of electrocution
              (18 damage)
             ... on level 2 of the Dungeon.
             The game lasted 00:01:34 (1478 turns).

CowFu the Shield-Bearer (Troll Fighter)             Turns: 1478, Time: 00:01:35

Health: 0/36       AC:  5    Str: 26    XL:     3   Next: 83%
Magic:  2/2        EV:  9    Int:  4    God:    Yredelemnul [*.....]
Gold:   101        SH:  7    Dex:  9    Spells: 2/2 levels left

rFire   . .          .
                       - Unarmed
rCold   . . .        b - +0 kite shield
rNeg    . . .        a - +0 robe
rPois   .            (helmet restricted)
rElec   .            h - +0 cloak
rCorr   .            (gloves unavailable)
SInv    .            (boots unavailable)
Will    .....        (no amulet)
Stlth   +            (no ring)
HPRegen 1.06/turn    (no ring)
MPRegen 0.08/turn

%: no passive effects
@: no status effects
A: large, unfitting armour, claws 3, regeneration 1, shaggy fur 1, tough skin 1
a: Renounce Religion, Recall Undead Harvest


You were on level 2 of the Dungeon.
You worshipped Yredelemnul.
Yredelemnul was noncommittal.
You visited 1 branch of the dungeon, and saw 2 of its levels.

You collected 101 gold pieces.

Inventory:

Armour
 a - a +0 robe (worn)
 b - a +0 kite shield (worn)
 h - a +0 cloak (worn)
Scrolls
 d - a scroll of revelation {unknown}
 e - a scroll of fear {unknown}
 f - 4 scrolls of identify {unknown}
 g - a scroll of torment {unknown}
 i - a scroll of fog {unknown}
 j - a scroll of silence {unknown}
 l - a scroll of blinking {unknown}
 m - a scroll of poison {unknown}
 n - a scroll of teleportation {unknown}
Potions
 c - 2 potions of might
 k - a potion of resistance {unknown}


   Skills:
 + Level 2.9 Fighting
 + Level 2.9 Dodging
 + Level 3.1 Shields
 + Level 2.7 Unarmed Combat


You had 2 spell levels left.
You didn't know any spells.
Your spell library contained the following spells:

 Spells                   Type           Power      Damage    Failure   Level
 Slow                     Hex            0%         N/A       75%         1
 Confusing Touch          Hex            0%         N/A       98%         3
 Sigil of Binding         Hex            0%         N/A       98%         3
 Vampiric Draining        Necr           0%         2d6       98%         3


Dungeon Overview and Level Annotations

Branches:
Dungeon (2/15)

Altars:
Okawaru
Yredelemnul

Shops:
D:2 =

Annotations:
D:2 Jessica


Innate Abilities, Weirdness & Mutations

You are too large for most types of armour.
You have claws for hands.
Your natural rate of healing is unusually fast.
You are covered in fur. (AC +1)
You have tough skin. (AC +1)


Message History

The endoplasm freezes you.
You are frozen.
You claw the endoplasm!
You kill the endoplasm!
Found 6 stones.
No target in view!
You see here 6 stones.
A frilled lizard comes into view.
The frilled lizard hisses angrily.
The frilled lizard bites you.
A frilled lizard is nearby!
A frilled lizard is nearby!
You claw the frilled lizard!
You kill the frilled lizard!
The dead are walking!
Jessica the Apprentice Sorceress comes into view.
She is wielding a +2 dagger of electrocution.
Jessica hits you but does no damage.
Jessica is nearby!
You barely miss Jessica.
Your frilled lizard zombie barely misses Jessica.
Jessica mumbles some strange words.
Jessica blinks!
You swap places.
Jessica gestures at you while chanting. Pain shoots through your body!
Jessica is nearby!
Jessica is nearby!
You barely miss Jessica.
Jessica hits you with a +2 dagger of electrocution.
You barely miss Jessica.
Jessica hits you with a +2 dagger of electrocution.
Jessica is nearby!
You scratch Jessica.
Jessica is heavily wounded.
Your rat zombie barely misses Jessica.
Jessica hits you with a +2 dagger of electrocution!
You are electrocuted!!
Ouch! That really hurt!
You die...
Your body rises from the dead as a mindless zombie.

##'## ### #######.####
##...## ..# #......ZZZZ#
##.....## ## #.#
#.##.#####Z# #.......##
##.##.# #.##.# #Z#
.........####...#.####.##.#
#Z#
.........+......Z.Z..ZZ...#
#.. .........#
##...#Z####.ZZ.#####.#
#.......##
##Z##Z#######.......#
##.....## #.@@Z....#
##Z###### ##...##
#.##.###.# #.# ##+## .. #.#
#.# ## #.# #Z# ..# #Z# ##
### ####Z#####. #..(.Z..##.
#Z##Z##.##. #Z##.##.##.


You could see Jessica (ally target), a friendly frilled lizard zombie, 2
friendly rat zombies, a friendly endoplasm zombie and a friendly hobgoblin
zombie.

Vanquished Creatures
  An adder (D:2)
  A dart slug (D:1)
  A ribbon worm (D:2)
  2 ball pythons (D:1)
  3 bats
  7 endoplasms
  2 giant cockroaches (D:1)
  A goblin (D:2)
  2 hobgoblins
  3 jackals (D:1)
  2 quokkas (D:1)
  2 frilled lizards (D:2)
  3 kobolds
  8 rats
38 creatures vanquished.

Vanquished Creatures (collateral kills)
  A bat (D:1)
  An endoplasm (D:1)
  A goblin (D:1)
  A hobgoblin (D:1)
  A jackal (D:1)
5 creatures vanquished.

Vanquished Creatures (others)
  A jackal zombie (D:1)
1 creature vanquished.

Grand Total: 44 creatures vanquished

Notes
Turn   | Place    | Note
-------+----------+-------------------------------------------
     0 | D:1      | CowFu the Troll Fighter began the quest for the Orb.
     0 | D:1      | Reached XP level 1. HP: 22/22 MP: 0/0
   271 | D:1      | Found a faded altar of an unknown god.
   304 | D:1      | Prayed at the altar of an unknown god.
   304 | D:1      | Became a worshipper of Yredelemnul the Dark
   304 | D:1      | Reached * piety under Yredelemnul
   368 | D:1      | Reached XP level 2. HP: 25/29 MP: 1/1
   532 | D:1      | Reached ** piety under Yredelemnul
   538 | D:1      | Reached skill level 3 in Shields
   569 | D:1      | Reached XP level 3. HP: 36/36 MP: 2/2
   940 | D:2      | Found an iron altar of Okawaru.
   951 | D:2      | Found Tywner's Jewellery Emporium.
  1471 | D:2      | Noticed Jessica
  1478 | D:2      | Slain by Jessica

Illustrated notes

Levels and vault maps discovered:
D:1:      shiori_shiawase, layout_loops_corners,
          hellmonk_ecumenical_altar_crossroads
D:2:      layout_loops_corners, basic_altar, serial_shops, shop, uniq_jessica

Skill      XL: |  1  2 |
---------------+-------+-----
Shields        | 3 |  3.1
Fighting       | |  2.9
Dodging        | |  2.9
Unarmed Combat | |  2.7

Action                     || total
---------------------------++-------
  Melee: Unarmed           ||   103
   Stab: Sleeping          ||     3
 Armour: Robe              ||    52
  Dodge: Dodged            ||    29
  Block: Kite shield       ||    27

Table legend: (Time is in decaauts)
 A = Elapsed time spent in this place.
 B = Non-inter-level travel time spent in this place.
 C = Inter-level travel time spent in this place.
 D = Time resting spent in this place.
 E = Time spent auto-exploring this place.
 F = Levels seen in this place.
 G = Mean time per level.
                   A        B        C        D        E       F      G
               +--------+--------+--------+--------+--------+-----+--------+
         Total |   1485 |   1460 |     25 |      0 |   1177 |   2 |  742.5 |
       Dungeon |   1485 |   1460 |     25 |      0 |   1177 |   2 |  742.5 |
               +--------+--------+--------+--------+--------+-----+--------+

Top non-repeatable levels by time:
     D:1: 901 daAuts
     D:2: 583 daAuts
